 Dungeon Crawl Stone Soup version 0.19.1 (webtiles) character file.

163 Firecrotchwizard the Skirmisher (level 5, -4/48 HPs)
             Began as a Hill Orc Berserker on Dec 22, 2016.
             Was a Believer of Trog.
             Slain by an orc
             ... wielding a +0 trident
              (5 damage)
             ... on level 3 of the Dungeon.
             The game lasted 00:04:45 (2229 turns).

Firecrotchwizard the Skirmisher (HOBe)              Turns: 2229, Time: 00:04:45

Health: -4/48      AC:  6    Str: 20    XL:     5   Next: 44%
Magic:  5/5        EV: 11    Int:  7    God:    Trog [**....]
Gold:   128        SH:  0    Dex: 11    Spells: 0 memorised, 4 levels left

rFire  . . .     SeeInvis .     a - +0 mace
rCold  . . .     Gourm    .     g - +0 ring mail
rNeg   . . .     Faith    .     (no shield)
rPois  .         Spirit   .     t - +1 hat
rElec  .         Reflect  .     (no cloak)
rCorr  .         Harm     .     (no gloves)
MR     .....                    (no boots)
Stlth  +.........               (no amulet)
                                (no ring)
                                (no ring)

@: no status effects
A: no striking features
a: Berserk, Trog's Hand, Burn Spellbooks, Renounce Religion


You were on level 3 of the Dungeon.
You worshipped Trog.
Trog was pleased with you.
You were hungry.

You visited 1 branch of the dungeon, and saw 3 of its levels.

You collected 128 gold pieces.

Inventory:

Hand Weapons
 a - a +0 mace (weapon)
Armour
 b - a +0 animal skin
 g - a +0 ring mail (worn)
 t - a +1 hat (worn)
Scrolls
 h - 3 scrolls of identify {unknown}
 j - 4 scrolls of noise {unknown}
 n - a scroll of magic mapping {unknown}
 o - a scroll of enchant armour {unknown}
 r - a scroll of fear {unknown}
 s - a scroll of amnesia {unknown}
Potions
 e - 2 potions of degeneration {unknown}
 i - a potion of curing {unknown}
 k - a potion of mutation {unknown}
 l - a potion of resistance {unknown}
 m - a potion of haste {unknown}
 p - a potion of ambrosia {unknown}
 q - a potion of cancellation {unknown}
Comestibles
 c - a bread ration
 d - a slice of pizza
 f - a meat ration


   Skills:
 * Level 5.0 Fighting
 * Level 4.9 Maces & Flails
 + Level 2.9 Armour
 + Level 2.2 Dodging


You had 4 spell levels left.
You didn't know any spells.

Dungeon Overview and Level Annotations

Branches:
Dungeon (3/15)

Altars:


Message History

You are too injured to fight recklessly!
You are too injured to fight recklessly!
The orc hits you with a hand axe.
* * * LOW HITPOINT WARNING * * *
The orc hits you with a trident.
* * * LOW HITPOINT WARNING * * *
Things that are here:
a ring mail; an orc corpse You hit the orc but do no damage.
The orc hits you with a hand axe.
* * * LOW HITPOINT WARNING * * *
The orc completely misses you.
You hit the orc.
The orc is lightly wounded.
The orc barely misses you. The orc closely misses you.
You barely miss the orc.
The orc is lightly wounded.
The orc hits you with a hand axe.
* * * LOW HITPOINT WARNING * * *
The orc hits you with a trident.
You die...

##. ###..
.). ....
..# #..#
#.# #..####
#.# #.....
#.# #.o.#
#.# #.@o#
#.#####.#
#...#
#......<#
#...#
#######..#
#...#
.........#
#...#######
#######.##
#..........
#.#
#..########
#.# #..##
#.#
#####...#


You could see 2 orcs.

Vanquished Creatures
  2 orc wizards (D:3)
  3 adders (D:2)
  2 oozes (D:2)
  2 worms (D:2)
  2 dart slugs
  5 leopard geckos
  5 orcs (D:3)
  4 giant cockroaches
  4 goblins
  7 hobgoblins
  A ball python (D:3)
  5 bats
  6 frilled lizards
  8 kobolds
  8 rats
64 creatures vanquished.

Notes
Turn   | Place    | Note
-------+----------+-------------------------------------------
     0 | D:1      | Firecrotchwizard the Hill Orc Berserker began the quest for the Orb.
     0 | D:1      | Reached XP level 1. HP: 19/19 MP: 1/1
   127 | D:1      | Reached XP level 2. HP: 17/27 MP: 2/2
   568 | D:1      | Reached XP level 3. HP: 33/33 MP: 3/3
   589 | D:1      | Reached skill level 4 in Fighting
   735 | D:1      | Reached ** piety under Trog
   964 | D:2      | Reached XP level 4. HP: 26/40 MP: 4/4
  1863 | D:3      | Reached XP level 5. HP: 22/47 MP: 5/5
  1915 | D:3      | Reached skill level 5 in Fighting
  2229 | D:3      | HP: 1/48 [orc/hand axe (5)]
  2229 | D:3      | Slain by an orc

Skill      XL: |  1  2  3  4  5 |
---------------+----------------+-----
Maces & Flails | 4 |  4.9
Fighting       | 4 5 |  5.0
Dodging        | 2 |  2.2
Armour         | |  2.9

Action                   |  1- 3 |  4- 6 || total
-------------------------+-------+-------++-------
Melee: Mace              |   106 |   130 ||   236
  Eat: Chunk             |       |     4 ||     4
Armor: Animal skin       |     1 |       ||     1
       Ring mail         |    37 |    60 ||    97
Dodge: Dodged            |    62 |    77 ||   139
